Get step-by-step instructions on how to execute this build order below. Start the game timer, and the build order will tick by so you can play in parallel with StarCraft on a second screen or mobile device.

Game Time

  0:00

Last Step

  N/A

Next Step

  12  0:00  SCV  

Upcoming Step

  13  0:12  SCV  

Don't want to look back and forth between 2 screens? Try out our Overwolf App, the Spawning Tool Build Advisor to get an in-game overlay with this build!

Complete Build Order

  12  0:00  SCV  
  13  0:12  SCV  
  14  0:17  Supply Depot  
  14  0:24  SCV  
  15  0:39  SCV  
  15  0:40  Barracks  
  16  0:44  Refinery  
  16  0:51  SCV  
  17  1:03  SCV  
  18  1:15  SCV  
  19  1:27  Reaper  
  19  1:28  Orbital Command  
  20  1:41  Command Center  
  20  1:48  Supply Depot  
  21  1:54  SCV  
  21  1:59  Marine  
  22  2:06  SCV  
  23  2:09  Factory  
  23  2:18  SCV  
  23  2:21  Barracks Reactor  
  24  2:30  SCV  
  25  2:42  SCV  
  26  2:45  Command Center  
  26  2:54  Orbital Command, SCV  
  27  3:01  Starport  
  27  3:05  Refinery  
  27  3:07  SCV  
  28  3:17  Hellion x2  
  28  3:19  SCV  
  33  3:22  Barracks Tech Lab  
  33  3:24  SCV  
  34  3:38  Hellion, SCV x2  
  34  3:39  Hellion  
  40  3:46  Barracks Tech Lab, Banshee  
  43  3:50  SCV  
  43  3:51  SCV  
  45  3:59  Hellion  
  45  4:00  Hellion  
  50  4:03  SCV x2  
  50  4:05  Orbital Command  
  51  4:11  Marine  
  51  4:15  SCV  
  51  4:16  SCV  
  54  4:19  Orbital Command  
  54  4:22  Supply Depot  
  54  4:29  Factory Reactor  
  54  4:30  Marine  
  55  4:32  Barracks  
  55  4:34  SCV  
  55  4:35  SCV  
  60  4:46  SCV, Barracks  
  60  4:47  SCV x2  
  60  4:48  Marine  
  64  4:58  Bunker  
  66  5:01  Supply Depot